 Dungeon Crawl Stone Soup version 0.30-a0-166-g5d06c95188 (webtiles) character file.

Game seed: 9392793526801366154

202 qw the Chopper (level 5, -4/32 HPs)
             Began as a Gargoyle Fighter on Sept 28, 2022.
             Slain by an orc priest
             ... wielding a +0 morningstar
              (5 damage)
             ... on level 3 of the Dungeon.
             The game lasted 00:00:57 (2056 turns).

qw the Chopper (Gargoyle Fighter)                   Turns: 2056, Time: 00:00:58

Health: -4/32      AC: 10    Str: 22    XL:     5   Next: 80%
Magic:  5/5        EV:  9    Int:  8    God:
Gold:   104        SH:  4    Dex:  9    Spells: 4/4 levels left

rFire   . . .      SeeInvis +    Y - +0 war axe (elec)
rCold   . . .      Faith    .    c - +0 buckler
rNeg    + . .      Spirit   .    b - +0 scale mail
rPois   inf        Reflect  .    (no helmet)
rElec   +          Harm     .    (no cloak)
rCorr   .          Rampage  .    (no gloves)
Will    .....                    (no boots)
Stlth   ..........               (no amulet)
HPRegen 0.10/turn                j - ring of see invisible
MPRegen 0.09/turn                (no ring)

@: no status effects
A: sickness immunity, AC +4, negative energy resistance 1, electricity
resistance, torment resistance 1, petrification resistance
a: no special abilities


You were on level 3 of the Dungeon.
You visited 1 branch of the dungeon, and saw 3 of its levels.
You also visited: Sewer.

You collected 104 gold pieces.


Innate Abilities, Weirdness & Mutations

You are immune to sickness and miasma.
Your stone body is resilient. (AC +4)
You are immune to poison.
You resist negative energy. (rN+)
You are resistant to electric shocks. (rElec)
You are resistant to unholy torment.
You are immune to petrification.


   Skills:
 + Level 3.4 Fighting
 - Level 5.2 Axes
 - Level 3.2 Armour
 - Level 3.2 Shields


You had 4 spell levels left.
You didn't know any spells.
Your spell library was empty.

Inventory:

Hand Weapons
 h - a +0 whip
 Y - a +0 war axe of electrocution (weapon)
Missiles
 e - 2 boomerangs (quivered)
Armour
 b - a +0 scale mail (worn)
 c - a +0 buckler (worn)
 l - a +0 cloak
Jewellery
 j - a ring of see invisible (left hand)
Scrolls
 g - 2 scrolls of identify
 n - a scroll of teleportation {unknown}
Potions
 a - a potion of mutation
 d - a potion of might
 f - a potion of resistance
 i - a potion of cancellation
 k - a potion of magic {unknown}
 m - a potion of invisibility {unknown}

Dungeon Overview and Level Annotations

Branches:
Dungeon (3/15)              Sewer (visited)

Altars:


Message History

Press: ? - help, Q - select action Shift-Dir - straight line, f - bat You throw a boomerang.
The boomerang hits the bat.
You kill the bat!
You see here a +0 robe.
n - a scroll labelled SANINT QUFAVUS
Found a buckler.
Found a stone staircase leading down.
Found a stone staircase leading down.
An orc priest comes into view. It is wielding a +0 morningstar.
The orc priest shouts!
An orc comes into view. It is wielding a +0 club.
The orc shouts!
You hear a shout! x2
An orc priest comes into view. It is wielding a +0 dagger.
The orc priest shouts!
An orc comes into view. It is wielding a +0 short sword.
Found 13 gold pieces.
The orc priest hits you with a +0 morningstar.
You slash the orc priest!
The orc priest is severely wounded.
The orc priest misses you.
The orc priest calls down the wrath of Beogh upon you.
Beogh smites you!
You barely miss the orc priest.
The orc priest is severely wounded.
The orc priest invokes the aid of Beogh against you.
Pain shoots through your body!
You slash the orc!
You kill the orc!
The orc priest casts a cantrip, but nothing happens.
You closely miss the orc priest.
The orc priest is severely wounded.
The orc priest invokes the aid of Beogh against you.
Beogh smites you!
You barely miss the orc priest.
The orc priest is severely wounded.
The orc priest barely misses you.
You barely miss the orc priest.
The orc priest is severely wounded.
The orc priest looks satisfied for a moment.
The orc priest hits you with a +0 morningstar.
You die...

#.....#.#.# #..#........
#..#..#.#.#. ####
#..#........ ...
#..#>.#.#.#.####.
#..#.............
$#######..#[#...#.# #..
....ooo@..........####..
.#######..#.............
##..#.###########.
#.....# #####. #...###
#..... #...# #.###.
#...###### #..
#........####.###.
#..#####.##.......


You could see 2 orc priests and an orc.

Vanquished Creatures
  Pargi (Sewer)
  3 adders (D:2)
  A worm (D:2)
  A dart slug (D:2)
  An orc (D:3)
  5 endoplasms
  5 giant cockroaches
  4 goblins
  5 hobgoblins
  4 jackals (D:2)
  11 kobolds
  5 quokkas
  11 ball pythons
  5 bats
  4 rats
66 creatures vanquished.

Notes
Turn   | Place    | Note
-------+----------+-------------------------------------------
     0 | D:1      | qw the Gargoyle Fighter began the quest for the Orb.
     0 | D:1      | Reached XP level 1. HP: 14/14 MP: 1/1
     0 | D:1      | 0 ||| qw: Version: 0.2-a-12-gaebbb33
     0 | D:1      | 0 ||| qw: Game counter: 986
     0 | D:1      | 0 ||| qw: Always use a shield: true
     0 | D:1      | 0 ||| qw: God list: Okawaru
     0 | D:1      | 0 ||| qw: Allow faded altars: false
     0 | D:1      | 0 ||| qw: Do Orc after D:15 true
     0 | D:1      | 0 ||| qw: Do second Lair branch before Depths: true
     0 | D:1      | 0 ||| qw: Lair rune preference: random
     0 | D:1      | 0 ||| qw: Plans: Normal, Zot:1-4, God:TSO, Crypt, Tomb,
                  | Pan, Slime:5, Hells, Abyss, Orb
     0 | D:1      | 0 ||| PLANNING D:1-11
    34 | D:1      | Reached skill level 2 in Axes
    82 | D:1      | Reached XP level 2. HP: 16/19 MP: 2/2
   125 | D:1      | Found a faded altar of an unknown god.
   154 | D:1      | 154 ||| Stepping ~*~*~tactically~*~*~ (stealth).
   155 | D:1      | 155 ||| Stepping ~*~*~tactically~*~*~ (stealth).
   156 | D:1      | 156 ||| Stepping ~*~*~tactically~*~*~ (stealth).
   394 | D:1      | Reached skill level 3 in Axes
   511 | D:1      | Reached XP level 3. HP: 23/23 MP: 3/3
   741 | D:1      | 741 ||| UPGRADING to ring of see invisible.
   742 | D:1      | 742 ||| READING scroll labelled ETAANY BUURUKO.
   743 | D:1      | 743 ||| READING 4 scrolls labelled PEGUAWOECS.
   744 | D:1      | 744 ||| READING 3 scrolls of identify.
   744 | D:1      | 744 ||| IDENTIFYING green potion
   886 | D:2      | 886 ||| Stepping ~*~*~tactically~*~*~ (stealth).
   932 | D:2      | 932 ||| Stepping ~*~*~tactically~*~*~ (stealth).
   970 | D:2      | Reached XP level 4. HP: 25/28 MP: 4/4
   981 | D:2      | 981 ||| Stepping ~*~*~tactically~*~*~ (stealth).
  1002 | D:2      | 1002 ||| Stepping ~*~*~tactically~*~*~ (stealth).
  1035 | D:2      | 1035 ||| Stepping ~*~*~tactically~*~*~ (stealth).
  1107 | D:2      | 1107 ||| Stepping ~*~*~tactically~*~*~ (stealth).
  1128 | D:2      | Reached skill level 4 in Axes
  1327 | D:2      | 1327 ||| SWAPPING to +0 war axe of electrocution.
  1328 | D:2      | 1328 ||| DROPPING +0 war axe.
  1379 | D:2      | 1379 ||| READING 3 scrolls of identify.
  1379 | D:2      | 1379 ||| IDENTIFYING metallic puce potion
  1380 | D:2      | 1380 ||| READING 2 scrolls of identify.
  1380 | D:2      | 1380 ||| IDENTIFYING bubbling silvery potion
  1393 | D:3      | 1393 ||| PLANNING SEWER
  1458 | D:3      | Found a glowing drain.
  1459 | D:3      | 1459 ||| READING scroll labelled DEUNEMNAPTI.
  1479 | Sewer    | Entered a sewer
  1559 | Sewer    | Noticed Pargi
  1568 | Sewer    | Killed Pargi
  1569 | Sewer    | Reached skill level 5 in Axes
  1569 | Sewer    | Reached XP level 5. HP: 19/32 MP: 5/5
  1751 | Sewer    | 1751 ||| DRINKING 2 viscous coppery potions.
  1856 | Sewer    | 1856 ||| DROPPING potion of berserk rage.
  1870 | D:3      | 1870 ||| PLANNING D:1-11
  1930 | D:3      | 1930 ||| Stepping ~*~*~tactically~*~*~ (stealth).
  1936 | D:3      | 1936 ||| FLEEEEING.
  2054 | D:3      | HP: 1/32 [orc priest/divine providence (12)]
  2056 | D:3      | Slain by an orc priest

Levels and vault maps discovered:
D:1:      minmay_arrival_semitransparent, layout_basic,
          ebering_ecumenical_altar_sacrificial, corner_web_ring,
          hangedman_glass_teeth, serial_park_tiny_pond
D:2:      layout_rooms
D:3:      layout_loops_ring, yredelemnul_altar_generic, portal_sewer_entry_f,
          serial_glass, glass_columns_a, glass_columns_a, glass_columns_a,
          glass_columns_b, kennysheep_generic_room_14

Skill      XL: |  1  2  3  4 |
---------------+-------------+-----
Axes           | 2 3 5 |  5.2
Fighting       | |  3.4
Armour         | |  3.2
Shields        | |  3.2

Action                   |  1- 3 |  4- 6 || total
-------------------------+-------+-------++-------
Melee: War axe           |    79 |    83 ||   162
Throw: Boomerang         |    33 |    50 ||    83
  Use: Scroll            |     3 |     3 ||     6
       Potion            |       |     1 ||     1
Armor: Scale mail        |    38 |    60 ||    98
Dodge: Dodged            |    29 |    34 ||    63
Block: Buckler           |    13 |     9 ||    22

Table legend:
 A = Non-vault XP
 B = Vault XP
 C = Vault XP percentage of total XP
 D = Non-vault monster count
 E = Vault monster count
 F = Vault count percentage of total count
                 A         B        C        D         E       F
            +---------+---------+-------+---------+---------+-------
      Total |     137 |     152 |  52.6 |      56 |      10 |  15.2
            +---------+---------+-------+---------+---------+-------
        D:1 |      42 |       0 |   0.0 |      25 |       0 |   0.0
        D:2 |      81 |       0 |   0.0 |      23 |       0 |   0.0
        D:3 |      14 |      10 |  41.7 |       8 |       5 |  38.5
      Sewer |       0 |     142 | 100.0 |       0 |       5 | 100.0
            +---------+---------+-------+---------+---------+-------
